 Dungeon Crawl Stone Soup version 0.20.1-1-g8b1a95d66d (webtiles) character file.

247801 pecaplod the Destroyer (level 18, -16/143 HPs)
             Began as a Demonspawn Venom Mage on Dec 17, 2017.
             Was the Champion of Vehumet.
             Demolished by an enormous slime creature (80 damage)
             ... on level 1 of the Depths.
             The game lasted 04:07:32 (36020 turns).

pecaplod the Destroyer (Demonspawn Venom Mage)     Turns: 36020, Time: 04:07:34

Health: -16/143    AC: 11    Str: 13    XL:     18   Next: 83%
Magic:  18/35      EV: 19    Int: 24    God:    Vehumet [******]
Gold:   2646       SH:  2    Dex: 15    Spells: 13/43 levels left

rFire    . . .     SeeInvis +   a - +7 demon whip (drain)
rCold    + . .     Gourm    .   (no shield)
rNeg     . . .     Faith    .   x - +0 troll leather armour
rPois    +         Spirit   .   t - +1 helmet
rElec    .         Reflect  +   k - scarf {cloud immunity}
rCorr    .         Harm     .   y - +0 pair of gloves
MR       +....                  (boots unavailable)
Stlth    ++++......             F - +2 amulet of reflection
Regen    0.8/turn               m - ring of see invisible
MPRegen  0.3/turn               d - ring of wizardry

@: mighty
A: talons 3, slimy green scales 3, cold resistance 1, powered by pain 3
}: 2/15 runes: decaying, gossamer
a: Renounce Religion


You were on level 1 of the Depths.
You worshipped Vehumet.
Vehumet was exalted by your worship.
You were very hungry.

You visited 7 branches of the dungeon, and saw 33 of its levels.

You collected 3212 gold pieces.
You spent 566 gold pieces at shops.

Inventory:

Hand Weapons
 a - a +7 demon whip of draining (weapon)
Armour
 k - a scarf of cloud immunity (worn)
 t - a +1 helmet (worn)
 u - a +1 pair of gloves
 x - a +0 troll leather armour (worn)
 y - a +0 pair of gloves (worn)
 T - a scarf of spirit shield
Magical Staves
 b - an uncursed staff of poison
Jewellery
 d - a ring of wizardry (right hand)
 m - a ring of see invisible (left hand)
 E - an uncursed ring of flight
 F - a +2 amulet of reflection (around neck)
 O - an uncursed ring of protection from magic
 U - an uncursed ring of positive energy
 Z - an uncursed ring of stealth
Wands
 e - a wand of polymorph (21/24)
 g - a wand of disintegration (13/24)
 q - a wand of disintegration (12/24)
 Q - a wand of flame (25/48)
 V - a wand of digging (14/24)
Scrolls
 h - 15 scrolls of remove curse
 n - 15 scrolls of teleportation
 s - 3 scrolls of enchant armour
 v - a scroll of magic mapping
 A - 8 scrolls of amnesia
 G - 3 scrolls of recharging
 H - 4 scrolls of identify
 J - a scroll of immolation
 N - 2 scrolls of fear
 P - a scroll of fog
 Y - a scroll of acquirement
Potions
 f - 6 potions of brilliance
 j - a potion of ambrosia
 o - 9 potions of cancellation
 r - a potion of agility
 w - 12 potions of curing
 z - a potion of might
 B - 2 potions of flight
 C - 6 potions of haste
 I - 3 potions of lignification
 R - 4 potions of mutation
 W - a potion of magic
Books
 D - a Young Poisoner's Handbook

   Spells                             Type                      Level
   a - Sting                          Conjuration/Poison           1
   b - Poisonous Vapours              Poison/Air                   2
   c - Mephitic Cloud                 Conjuration/Poison/Air       3
   d - Olgreb's Toxic Radiance        Poison                       4
   e - Venom Bolt                     Conjuration/Poison           5
 K - a book of Frost

   Spells                             Type                      Level
   a - Freeze                         Ice                          1
   b - Throw Frost                    Conjuration/Ice              2
   c - Ozocubu's Armour               Charms/Ice                   3
   d - Throw Icicle                   Conjuration/Ice              4
   e - Summon Ice Beast               Ice/Summoning                4
 S - a book of Conjurations

   Spells                             Type                      Level
   a - Magic Dart                     Conjuration                  1
   b - Searing Ray                    Conjuration                  2
   c - Dazzling Spray                 Conjuration/Hexes            3
   d - Fulminant Prism                Conjuration/Hexes            4
   e - Force Lance                    Conjuration/Translocation    4
   f - Iskenderun's Mystic Blast      Conjuration                  4
 X - a book of Minor Magic

   Spells                             Type                      Level
   a - Magic Dart                     Conjuration                  1
   b - Blink                          Translocation                2
   c - Call Imp                       Summoning                    2
   d - Slow                           Hexes                        2
   e - Conjure Flame                  Conjuration/Fire             3
   f - Mephitic Cloud                 Conjuration/Poison/Air       3
Miscellaneous
 l - 2 sacks of spiders
 L - a lamp of fire
Comestibles
 c - 10 chunks of flesh
 i - 17 meat rations
 p - 30 royal jellies


   Skills:
 + Level 13.1 Fighting
 - Level 6.0 Maces & Flails
 + Level 2.0 Armour
 + Level 11.1 Dodging
 + Level 9.9 Stealth
 + Level 13.4 Spellcasting
 - Level 14.7 Conjurations
 * Level 11.8 Air Magic
 + Level 14.0 Poison Magic


You had 13 spell levels left.
You knew the following spells:

 Your Spells              Type           Power        Failure   Level  Hunger
a - Sting                 Conj/Pois      ####         0%          1    None
b - Poisonous Vapours     Pois/Air       ######       1%          2    None
c - Mephitic Cloud        Conj/Pois/Air  ######..     1%          3    None
d - Venom Bolt            Conj/Pois      ######....   1%          5    ###....
e - Olgreb's Toxic Radia  Pois           ######..     1%          4    None
f - Freezing Cloud        Conj/Ice/Air   ######....   2%          6    #####..
g - Poison Arrow          Conj/Pois      ######....   1%          6    #####..
h - Ozocubu's Armour      Chrm/Ice       ###.....     6%          3    None


Dungeon Overview and Level Annotations

Branches:
Dungeon (15/15)            Temple (1/1) D:5            Lair (6/6) D:10
  Swamp (4/4) Lair:4       Spider (4/4) Lair:3        Slime (0/5) Lair:5
    Orc (2/2) D:9             Elf (0/3) Orc:2        Vaults (0/5) D:13
 Depths (1/5) D:15

Altars:
Ashenzari
Cheibriados
Dithmenos
Fedhas
Gozag
Makhleb
Nemelex Xobeh
Sif Muna
Trog
Vehumet
Xom
Yredelemnul
Zin
The Shining One

Shops:
D:6 *   D:14 [   Orc:2 }!(?

Portals:
Hell: Depths:1
Abyss: Depths:1
Pandemonium: Orc:2

Annotations:
D:4 4FPSwarrior's ghost, amateur DsFE
Spider:3 tehanu's ghost, adept MiBe


Innate Abilities, Weirdness & Mutations

You have claws for feet.
You are completely covered in slimy green scales. (AC +4, rPois)
Your flesh is cold resistant. (rC+)
You are powered by pain.


Message History

The poison arrow hits the enormous slime creature.
The enormous slime creature partially resists.
The enormous slime creature is poisoned.
The enormous slime creature is severely wounded.
You are feeling very hungry.
The slime creature is engulfed in freezing vapours.
The enormous slime creature closely misses you.
Casting: Poison Arrow
Confirm with . or Enter, or press ? or * to list all spells.
Aiming: Freezing Cloud
Press: ? - help, Dir - move target cursor, f/p - enormous slime creature
Aim: an enormous slime creature (severely wounded, poisoned)
The slime creature is engulfed in freezing vapours.
You kill the slime creature!
Vehumet accepts your kill.
You feel your power returning.
The enormous slime creature is engulfed in freezing vapours.
The enormous slime creature hits you!!!!
Ouch! That really hurt!
You die...

#†# ........' #†#
#.# #.# ####.###
#......# .
#......#### ...
#.....§§§§####§§§..
#......##§@J§§§§§§.
#......#######§§...
#....$.# ...
#......# . #......#
########


You could see an enormous slime creature.

Vanquished Creatures
  Arachne (Spider:4)
  The ghost of qepasa the Bewitcher, an adept FoEn of Sif Muna (Orc:2)
  4 thorn hunters
  Donald (Swamp:2)
  3 emperor scorpions (Spider:4)
  A frost giant (Depths:1)
  7 ghost moths
  3 very ugly things
  3 entropy weavers (Spider:4)
  4 stone giants
  2 spark wasps (Spider:4)
  A minotaur (shapeshifter) (D:15)
  2 ettins
  A merfolk javelineer (Depths:1)
  4 fire dragons
  A merfolk impaler (Depths:1)
  2 great orbs of eyes (Depths:1)
  29 hydras
  A vault guard (D:13)
  3 merfolk avatars (Swamp:2)
  2 catoblepae
  An ice dragon (Depths:1)
  2 centaur warriors
  A death knight (D:11)
  7 alligators
  9 two-headed ogres
  3 deep troll shamans
  6 death yaks (Lair:6)
  3 tengu warriors (D:14)
  An ogre mage (D:15)
  A spriggan berserker (Depths:1)
  7 orc high priests
  A deep elf knight (D:15)
  Sonja (Lair:3)
  An iron troll (D:15)
  An unseen horror (D:11)
  A glowing orange brain (Depths:1)
  A gelid demonspawn (Orc:2)
  An infernal demonspawn (Orc:2)
  A wizard (D:15)
  2 torturous demonspawn (Orc:2)
  A flayed ghost (Depths:1)
  5 deep trolls
  12 swamp dragons
  A shambling mangrove (Swamp:4)
  2 spriggan druids
  2 necromancers
  3 tengu skeletons (Depths:1)
  A manticore (D:11)
  38 wolf spiders
  A deep elf mage (D:15)
  24 orb spiders
  9 wolf spider zombies
  16 ugly things
  7 orc sorcerers
  6 orc knights
  2 cyclopes
  3 moths of wrath
  Maurice (Orc:2)
  An orange demon (Orc:2)
  A smoke demon (Orc:2)
  18 spiny frogs
  A torpor snail (Spider:2)
  3 black mambas
  8 komodo dragons
  6 rime drakes
  A centaur skeleton (D:13)
  A red devil (Orc:2)
  A hellwing (Orc:2)
  10 redback zombies (Spider:2)
  A queen bee (D:11)
  A spriggan skeleton (Depths:1)
  14 demonic crawlers
  2 tengu conjurers (D:14)
  A queen bee (shapeshifter) (D:15)
  7 trolls
  3 meliai (D:15)
  25 jumping spiders
  A hornet (shapeshifter) (Depths:1)
  A polar bear (Lair:4)
  9 tyrant leeches
  A jumping spider (shapeshifter) (Depths:1)
  14 blink frogs
  11 hippogriffs
  7 bog bodies
  19 hornets
  14 slime creatures
  A hippogriff (shapeshifter) (D:14)
  8 tarantella zombies (Spider:2)
  4 dream sheep (Lair:6)
  2 water elementals (Depths:1)
  A fire dragon skeleton (Depths:1)
  2 wraiths
  47 tarantellas
  A vampire (D:14)
  57 redbacks
  9 spriggans
  39 yaks
  A shadow (D:15)
  A yak (shapeshifter) (D:15)
  A basilisk (shapeshifter) (D:15)
  5 wyverns
  10 basilisks
  3 hungry ghosts
  A hog (shapeshifter) (D:13)
  19 vampire mosquitoes
  8 insubstantial wisps (Swamp:4)
  3 acid dragons
  2 soldier ants (D:11)
  25 swamp worms
  5 wargs
  8 porcupines
  39 orc warriors
  6 swamp drakes
  A porcupine (shapeshifter) (Depths:1)
  9 water moccasins
  2 ice beasts (D:11)
  A black bear (D:11)
  A phantom (D:11)
  2 sky beasts
  2 eyes of draining
  4 necrophages
  5 wolves (Lair:3)
  18 ogres
  16 centaurs
  15 crocodiles
  A big kobold (D:9)
  13 bullfrogs
  2 gnoll sergeants (D:9)
  6 scorpions
  A water moccasin skeleton (D:12)
  32 killer bees
  3 wights (D:11)
  4 howler monkeys (D:10)
  4 electric eels
  2 bullfrog zombies
  6 centaur zombies
  8 crimson imps
  2 hounds
  A quasit (D:10)
  4 jellies
  A gnoll shaman (D:9)
  20 orc priests
  17 orc wizards
  2 bullfrog skeletons
  Jessica (D:3)
  Natasha (D:4)
  10 iguanas
  9 worker ants
  A hound zombie (D:11)
  Robin (D:3)
  3 hound skeletons
  A worker ant zombie (D:6)
  14 adders
  17 gnolls
  3 shadow imps
  2 oozes (D:3)
  An adder zombie (D:9)
  18 worms
  5 dart slugs
  4 leopard geckos
  85 orcs
  6 bats
  8 giant cockroaches
  16 goblins
  11 hobgoblins
  10 jackals
  5 quokkas
  4 ball pythons
  12 frilled lizards
  5 kobolds
  A leopard gecko zombie (D:9)
  10 rats
  A fungus (Lair:3)
  6 plants
  4 toadstools (Swamp:2)
1231 creatures vanquished.

Vanquished Creatures (collateral kills)
  The ghost of prolog the Slayer, an adept MiBe of Trog (Depths:1)
  A frost giant (Depths:1)
  A stone giant (Depths:1)
  6 ugly things (Depths:1)
  A yaktaur (Depths:1)
10 creatures vanquished.

Vanquished Creatures (others)
  A swamp dragon (Swamp:4)
  A wizard (D:14)
  A cyclops (D:7)
  A yaktaur (Depths:1)
  A shadow (Swamp:4)
  A yak (D:10)
  4 bushes (D:10)
  12 fungi
  40 plants
  6 toadstools (Swamp:2)
68 creatures vanquished.

Grand Total: 1309 creatures vanquished

Notes
Turn   | Place    | Note
-------+----------+-------------------------------------------
     0 | D:1      | pecaplod the Demonspawn Venom Mage began the quest for the Orb.
     0 | D:1      | Reached XP level 1. HP: 13/13 MP: 3/3
   186 | D:1      | Gained mutation: You sometimes gain a little power by taking damage. [demonic ancestry]
   186 | D:1      | Reached XP level 2. HP: 19/19 MP: 5/5
   387 | D:1      | Learned a level 2 spell: Poisonous Vapours
   822 | D:1      | Reached XP level 3. HP: 17/24 MP: 4/6
   827 | D:1      | Learned a level 3 spell: Mephitic Cloud
  1340 | D:2      | Gained mutation: You have sharp toenails. [demonic ancestry]
  1340 | D:2      | Reached XP level 4. HP: 21/30 MP: 1/7
  2370 | D:3      | Gained mutation: You have razor-sharp toenails. [demonic ancestry]
  2370 | D:3      | Reached XP level 5. HP: 30/35 MP: 0/8
  2547 | D:3      | Noticed Jessica
  2555 | D:3      | Killed Jessica
  2792 | D:3      | Noticed Robin
  2841 | D:3      | Killed Robin
  2985 | D:3      | Reached skill level 5 in Poison Magic
  3121 | D:3      | Gained mutation: You are partially covered in slimy green scales. (AC +2) [demonic ancestry]
  3121 | D:3      | Reached XP level 6. HP: 28/41 MP: 5/9
  3512 | D:4      | Noticed 4FPSwarrior's ghost (amateur DsFE)
  3648 | D:4      | Noticed Natasha
  3658 | D:4      | Killed Natasha
  3791 | D:4      | Reached skill level 5 in Conjurations
  4301 | D:5      | Entered Level 5 of the Dungeon
  4334 | D:5      | Found a staircase to the Ecumenical Temple.
  4343 | Temple   | Entered the Ecumenical Temple
  4351 | Temple   | Became a worshipper of Vehumet
  4465 | D:5      | Reached XP level 7. HP: 32/46 MP: 8/10
  4723 | D:5      | Identified a scroll of acquirement
  5261 | D:6      | Found a burning altar of Makhleb.
  5261 | D:6      | Found Quton's Evil Emporium.
  5345 | D:6      | Learned a level 5 spell: Venom Bolt
  5829 | D:7      | Reached XP level 8. HP: 48/52 MP: 13/13
  6279 | D:6      | Bought a +2 demon whip of draining for 390 gold pieces
  6343 | D:7      | Reached * piety under Vehumet
  6343 | D:7      | Offered knowledge of Flame Tongue by Vehumet.
  6631 | D:7      | Noticed a cyclops
  6633 | D:7      | Killed a cyclops
  7004 | D:8      | Found a snail-covered altar of Cheibriados.
  7118 | D:8      | Noticed a hornet
  7119 | D:8      | Reached skill level 5 in Spellcasting
  7123 | D:8      | Noticed a hornet
  7124 | D:8      | Killed a hornet
  7124 | D:8      | Gained mutation: You sometimes gain power by taking damage. [demonic ancestry]
  7124 | D:8      | Reached XP level 9. HP: 51/57 MP: 12/16
  7484 | D:8      | Noticed a two-headed ogre
  7505 | D:8      | Killed a two-headed ogre
  7749 | D:8      | Found a deep blue altar of Sif Muna.
  7897 | D:8      | Found an opulent altar of Gozag.
  7897 | D:8      | Found a bloodstained altar of Trog.
  8186 | D:9      | Found a sparkling altar of Nemelex Xobeh.
  8227 | D:9      | Noticed a two-headed ogre
  8252 | D:9      | Killed a two-headed ogre
  8252 | D:9      | Reached skill level 1 in Fighting
  8252 | D:9      | Reached skill level 1 in Maces & Flails
  8252 | D:9      | Gained mutation: You are mostly covered in slimy green scales. (AC +3) [demonic ancestry]
  8252 | D:9      | Reached XP level 10. HP: 55/66 MP: 9/20
  8353 | D:9      | Found a staircase to the Orcish Mines.
  8388 | D:9      | Offered knowledge of Freeze by Vehumet.
  8398 | D:9      | Reached ** piety under Vehumet
  9305 | D:9      | Offered knowledge of Conjure Flame by Vehumet.
  9462 | D:10     | Entered Level 10 of the Dungeon
  9462 | D:10     | Found a basalt altar of Yredelemnul.
  9480 | D:10     | Noticed a two-headed ogre
  9493 | D:10     | Killed a two-headed ogre
  9493 | D:10     | Reached skill level 10 in Poison Magic
  9543 | D:10     | Noticed a two-headed ogre
  9554 | D:10     | Killed a two-headed ogre
  9564 | D:10     | Reached *** piety under Vehumet
  9640 | D:10     | Gained mutation: You have claws for feet. [demonic ancestry]
  9640 | D:10     | Reached XP level 11. HP: 76/76 MP: 22/22
  9820 | D:10     | Offered knowledge of Airstrike by Vehumet.
  9849 | D:10     | Reached skill level 10 in Conjurations
  9932 | D:10     | Found a staircase to the Lair.
 10419 | D:10     | Learned a level 4 spell: Olgreb's Toxic Radiance
 10424 | D:11     | Reached **** piety under Vehumet
 10425 | D:11     | Offered knowledge of Yara's Violent Unravelling by Vehumet.
 10661 | D:10     | Noticed a two-headed ogre
 10670 | D:10     | Killed a two-headed ogre
 10670 | D:10     | Reached skill level 5 in Fighting
 10682 | Lair:1   | Entered Level 1 of the Lair of Beasts
 10717 | Lair:1   | Noticed a four-headed hydra
 10733 | Lair:1   | Killed a four-headed hydra
 10896 | Lair:1   | Reached skill level 5 in Maces & Flails
 12013 | Lair:2   | Reached XP level 12. HP: 87/87 MP: 12/24
 12071 | Lair:2   | Noticed an eight-headed hydra
 12376 | Lair:1   | Reached ***** piety under Vehumet
 12564 | Lair:2   | Offered knowledge of Freezing Cloud by Vehumet.
 12572 | Lair:2   | Learned a level 6 spell: Freezing Cloud
 12878 | Lair:2   | Killed an eight-headed hydra
 13029 | Lair:3   | HP: 4/88 [poisoned by a black mamba]
 13034 | Lair:3   | HP: 3/88 [poisoned by a black mamba]
 13039 | Lair:2   | HP: 2/88 [poisoned by a black mamba]
 13525 | Lair:3   | Noticed a five-headed hydra
 13531 | Lair:3   | Killed a five-headed hydra
 13570 | Lair:3   | Reached skill level 1 in Air Magic
 13608 | Lair:3   | Found a hole to the Spider Nest.
 13841 | Lair:3   | Noticed Sonja
 14246 | Lair:4   | Noticed a six-headed hydra
 14252 | Lair:4   | Killed a six-headed hydra
 14344 | Lair:4   | Found a staircase to the Swamp.
 14394 | Lair:4   | Noticed a four-headed hydra
 14406 | Lair:4   | Killed a four-headed hydra
 15205 | Lair:5   | Noticed a catoblepas
 15334 | Lair:5   | Noticed an eight-headed hydra
 15341 | Lair:5   | Killed an eight-headed hydra
 15341 | Lair:5   | Gained mutation: Your flesh is cold resistant. (rC+) [demonic ancestry]
 15341 | Lair:5   | Reached XP level 13. HP: 63/96 MP: 8/26
 16001 | Lair:5   | Found a staircase to the Slime Pits.
 16262 | Lair:6   | Entered Level 6 of the Lair of Beasts
 16289 | Lair:6   | Reached skill level 5 in Dodging
 16898 | Lair:6   | Got a shimmering robe
 16910 | Lair:6   | Offered knowledge of Fulminant Prism by Vehumet.
 16975 | Lair:6   | Noticed a fire dragon
 17006 | Lair:6   | Killed a fire dragon
 17006 | Lair:6   | Reached skill level 10 in Spellcasting
 17076 | Lair:6   | Identified the +2 robe of Untruth {*Corrode Str+3 Int+4 Stlth+} (You found it on level 6 of the Lair of Beasts)
 17175 | Lair:6   | Reached skill level 5 in Air Magic
 17177 | Lair:6   | Reached XP level 14. HP: 68/106 MP: 28/28
 17980 | D:11     | Found a shimmering altar of Xom.
 18724 | D:12     | Offered knowledge of Poison Arrow by Vehumet.
 18735 | D:12     | Learned a level 6 spell: Poison Arrow
 20086 | D:13     | Found a gate to the Vaults.
 20215 | D:14     | Found a glowing golden altar of the Shining One.
 20305 | D:14     | Found Avoxey's Armour Boutique.
 20736 | D:14     | Found a bloodstained altar of Trog.
 21219 | Orc:1    | Entered Level 1 of the Orcish Mines
 21356 | Orc:1    | Reached ****** piety under Vehumet
 21421 | Orc:1    | Offered knowledge of Conjure Ball Lightning by Vehumet.
 21547 | Orc:2    | Entered Level 2 of the Orcish Mines
 21596 | Orc:2    | Noticed qepasa's ghost (adept FoEn)
 21623 | Orc:2    | Killed qepasa's ghost
 21623 | Orc:2    | Gained mutation: You are completely covered in slimy green scales. (AC +4, rPois) [demonic ancestry]
 21623 | Orc:2    | Reached XP level 15. HP: 58/114 MP: 5/29
 21759 | Orc:2    | Noticed Maurice
 21766 | Orc:2    | Killed Maurice
 21906 | Orc:2    | Found a staircase to the Elven Halls.
 22021 | Orc:2    | Reached skill level 10 in Fighting
 22216 | Orc:2    | Found Nunyxaoc's Magic Scroll Shoppe.
 22316 | Orc:2    | Offered knowledge of Spellforged Servitor by Vehumet.
 22364 | Orc:2    | Found Opoytel's Distillery.
 22408 | Orc:2    | Bought a potion of curing for 33 gold pieces
 22408 | Orc:2    | Bought 2 potions of heal wounds for 110 gold pieces
 22408 | Orc:2    | Bought a potion of curing for 33 gold pieces
 22966 | Orc:2    | Found Bocaiwig's Antique Weapon Shop.
 22966 | Orc:2    | Found Ytemp's Gadget Boutique.
 22966 | Orc:2    | Found a one-way gate leading to the halls of Pandemonium.
 23499 | Spider:1 | Entered Level 1 of the Spider Nest
 23785 | Spider:1 | Offered knowledge of Bolt of Fire by Vehumet.
 24433 | Spider:2 | Gained mutation: You are powered by pain. [demonic ancestry]
 24433 | Spider:2 | Reached XP level 16. HP: 44/124 MP: 19/31
 25126 | Spider:2 | Offered knowledge of Bolt of Cold by Vehumet.
 26279 | Spider:3 | Noticed tehanu's ghost (adept MiBe)
 27113 | Swamp:1  | Entered Level 1 of the Swamp
 27402 | Swamp:1  | Reached skill level 5 in Stealth
 27440 | Swamp:1  | Offered knowledge of Glaciate by Vehumet.
 27440 | Swamp:1  | Offered knowledge of Shatter by Vehumet.
 27440 | Swamp:1  | Offered knowledge of Tornado by Vehumet.
 27869 | Swamp:2  | Noticed a thorn hunter
 27883 | Swamp:2  | Killed a thorn hunter
 28082 | Swamp:2  | Noticed Donald
 28235 | Swamp:2  | Got a dazzling hand axe
 28242 | Swamp:2  | Got a twisted great sword
 28342 | Swamp:2  | Identified the +5 hand axe of Impermanence {elec, Str+3 Dex-4 Stlth+} (You found it on level 2 of the Swamp)
 28343 | Swamp:2  | Identified the +7 great sword "Q" {slice, +Blink Dex+7} (You found it on level 2 of the Swamp)
 28538 | Swamp:2  | Killed Donald
 28538 | Swamp:2  | Reached XP level 17. HP: 73/133 MP: 10/33
 28678 | Swamp:3  | Paralysed by a hornet for 2 turns
 29344 | Swamp:4  | Entered Level 4 of the Swamp
 29346 | Swamp:4  | Got a slimy great mace
 29361 | Swamp:4  | Identified the cursed +0 great mace "Etwuuly" {freeze, rF+ MR++ Dex+2 SInv} (You found it on level 4 of the Swamp)
 29844 | Swamp:4  | HP: 4/133 [eight-headed hydra (5)]
 30027 | Swamp:4  | Reached skill level 10 in Dodging
 30402 | Swamp:4  | Reached skill level 10 in Air Magic
 30445 | Swamp:4  | Learned a level 3 spell: Ozocubu's Armour
 30516 | Swamp:4  | Got a decaying rune of Zot
 30674 | Lair:3   | Killed Sonja
 30776 | Spider:4 | Entered Level 4 of the Spider Nest
 31004 | Spider:4 | Noticed Arachne
 32414 | Spider:4 | Killed Arachne
 32414 | Spider:4 | Reached XP level 18. HP: 102/141 MP: 16/35
 33058 | Spider:4 | Got a gossamer rune of Zot
 33334 | D:15     | Entered Level 15 of the Dungeon
 33379 | D:15     | Found a blossoming altar of Fedhas.
 33848 | D:15     | Found a staircase to the Depths.
 34405 | Depths:1 | Entered Level 1 of the Depths
 34761 | Depths:1 | Noticed prolog's ghost (adept MiBe)
 35220 | Depths:1 | Found a one-way gate to the infinite horrors of the Abyss.
 35632 | Depths:1 | Reached skill level 1 in Armour
 35741 | Depths:1 | Killed prolog's ghost
 35906 | Depths:1 | Found a gateway to Hell.
 36020 | Depths:1 | Demolished by an enormous slime creature

Skill      XL: |  1  2  3  4  5  6  7  8  9 10 11 12 13 14 15 16 17 18 |
---------------+-------------------------------------------------------+-----
Conjurations   | 2 3 4 5 6 7 9 10 11 12 13 14 | 14.7
Poison Magic   | 4 5 6 8 9 10 11 12 13 14 | 14.0
Spellcasting   | 3 5 6 7 8 9 10 11 12 13 | 13.4
Fighting       | 1 3 5 7 8 9 10 11 12 13 | 13.1
Maces & Flails | 1 3 5 6 |  6.0
Dodging        | 4 6 7 8 9 10 11 | 11.1
Stealth        | 2 6 9 |  9.9
Air Magic      | 2 5 6 8 9 10 11 | 11.8
Armour         | 2 |  2.0

Action                   |  1- 3 |  4- 6 |  7- 9 | 10-12 | 13-15 | 16-18 || total
-------------------------+-------+-------+-------+-------+-------+-------++-------
Melee: Dagger            |    62 |   110 |    49 |       |       |       ||   221
       Unarmed           |     1 |       |       |       |       |       ||     1
       Kick              |       |    17 |    25 |    68 |   186 |   186 ||   482
       Demon whip        |       |       |    68 |   383 |   834 |   816 ||  2101
       Staff             |       |       |       |       |       |     8 ||     8
 Cast: Sting             |    46 |   136 |    55 |    67 |    19 |       ||   323
       Poisonous Vapours |    11 |    18 |    40 |   104 |    18 |    10 ||   201
       Mephitic Cloud    |     1 |     2 |    12 |    47 |    28 |    11 ||   101
       Venom Bolt        |       |       |     1 |    28 |    28 |     4 ||    61
       Olgreb's Toxic Ra |       |       |       |    23 |    61 |    18 ||   102
       Freezing Cloud    |       |       |       |    17 |    67 |   133 ||   217
       Poison Arrow      |       |       |       |       |    86 |   278 ||   364
       Ozocubu's Armour  |       |       |       |       |       |     2 ||     2
Evoke: Wand              |       |       |     3 |     8 |     2 |     2 ||    15
       Lamp of fire      |       |       |       |     1 |       |     1 ||     2
       Sack of spiders   |       |       |       |       |       |     2 ||     2
  Use: Scroll            |       |       |    21 |     9 |    15 |    20 ||    65
       Potion            |       |       |     1 |     1 |     2 |     9 ||    13
 Stab: Sleeping          |     3 |     1 |     1 |     2 |     7 |     2 ||    16
       Confused          |     1 |     2 |     1 |    12 |    12 |     8 ||    36
       Distracted        |       |       |       |       |     1 |     1 ||     2
  Eat: Chunk             |     2 |    14 |    13 |    33 |    78 |    89 ||   229
       Fruit             |       |       |     1 |     2 |     4 |     6 ||    13
       Bread ration      |       |       |       |     1 |     1 |    10 ||    12
       Meat ration       |       |       |       |       |       |     2 ||     2
Armor: Robe              |    14 |    18 |    17 |       |       |       ||    49
       Leather armour    |       |       |    22 |    24 |       |       ||    46
       Troll leather arm |       |       |       |   101 |   202 |   307 ||   610
Dodge: Dodged            |    35 |   100 |    56 |   231 |   474 |   755 ||  1651
Block: Other             |       |       |     8 |    19 |    43 |    72 ||   142
       Reflection        |       |       |     2 |       |       |     2 ||     4
